 Dungeon Crawl Stone Soup version 0.24-a0-368-g0e0cebd0f3 (webtiles) character file.

Game seed: 4686641757249070384

4541 TheOvate the Nimble (level 10, -7/50 HPs)
             Began as a Tengu Air Elementalist on May 28, 2019.
             Mangled by a cyan ugly thing (15 damage)
             ... on level 10 of the Dungeon.
             The game lasted 00:36:21 (10558 turns).

TheOvate the Nimble (Tengu Air Elementalist)       Turns: 10558, Time: 00:36:22

Health: -7/50      AC: 11    Str: 15    XL:     10   Next: 40%
Magic:  19/19      EV: 21    Int: 17    God:
Gold:   431        SH:  5    Dex: 15    Spells: 10/20 levels left

rFire    . . .     SeeInvis .   z - +4 trident (vamp)
rCold    . . .     Gourm    .   q - +0 buckler
rNeg     + . .     Faith    .   r - +2 robe
rPois    +         Spirit   .   d - +1 hat
rElec    .         Reflect  .   w - +2 ratskin cloak {+Rats rPois rN+ Str-1 Int-1 Dex+1}
rCorr    .         Harm     .   t - +2 pair of gloves {Str+3}
MR       +....                  (boots unavailable)
Stlth    +.........             y - amulet of rage
HPRegen  0.16/turn              x - ring "Qebokhlit" {rPois MR+ Str+3 Stlth-}
MPRegen  0.16/turn              (no ring)

@: flying quickly and evasively, studying Shields, quick
A: beak, talons 3, able to fly
a: Stop Flying, Evoke Ratskin, Evoke Berserk Rage


You were on level 10 of the Dungeon.
You were not hungry.

You visited 1 branch of the dungeon, and saw 9 of its levels.

You collected 431 gold pieces.

Inventory:

Hand Weapons
 n - a +1 spear
 z - a +4 vampiric trident (weapon)
Missiles
 m - 238 stones (quivered)
Armour
 d - a +1 hat (worn)
 q - a +0 buckler (worn)
 r - a +2 robe (worn)
 t - a +2 pair of gloves of strength (worn)
 w - the +2 ratskin cloak (worn) {+Rats rPois rN+ Str-1 Int-1 Dex+1}
   (You found it on level 6 of the Dungeon)

   It affects your strength (-1).
   It affects your intelligence (-1).
   It affects your dexterity (+1).
   It protects you from poison.
   It protects you from negative energy.
Jewellery
 x - the ring "Qebokhlit" (left hand) {rPois MR+ Str+3 Stlth-}
   (You found it on level 6 of the Dungeon)

   [ring of poison resistance]

   It affects your strength (+3).
   It protects you from poison.
   It affects your resistance to hostile enchantments.
   It makes you less stealthy.
 y - an amulet of rage (around neck)
 B - an uncursed ring of protection from fire {unknown}
 C - a +4 ring of dexterity
Wands
 k - a wand of paralysis (19)
 G - a wand of scattershot (5)
Scrolls
 g - 2 scrolls of teleportation
 h - 2 scrolls of remove curse
 j - 5 scrolls of identify
 o - a scroll of enchant weapon
Potions
 a - 2 potions of heal wounds
 b - a potion of magic
 e - 2 potions of resistance {unknown}
 f - 3 potions of curing {unknown}
 i - a potion of agility {unknown}
 l - 3 potions of haste {unknown}
 p - a potion of cancellation {unknown}
 s - a potion of brilliance {unknown}
 u - a potion of degeneration {unknown}
 v - a potion of ambrosia {unknown}
 D - a potion of berserk rage
 E - 2 potions of might {unknown}
Books
 A - a manual of Shields
Comestibles
 c - 11 rations


   Skills:
 - Level 0.2 Fighting
 + Level 5.3 Polearms
   Level 1.2(2.4) Slings
 + Level 3.4(3.5) Throwing
 - Level 1.3 Armour
 - Level 8.3 Dodging
 - Level 2.0 Stealth
 - Level 5.2 Shields
 + Level 5.7 Spellcasting
 + Level 6.0 Conjurations
 - Level 0.9 Charms
 + Level 7.7 Air Magic
 + Level 3.0 Evocations


You had 10 spell levels left.
You knew the following spells:

 Your Spells              Type           Power        Failure   Level  Hunger
a - Shock                 Conj/Air       ####         1%          1    None
b - Swiftness             Chrm/Air       ###.....     3%          2    #......
c - Static Discharge      Conj/Air       ####....     2%          3    ##.....
d - Airstrike             Air            ####......   5%          4    ####...

Your spell library contained the following spells:

 Spells                   Type           Power        Failure   Level  Hunger
 Lightning Bolt           Conj/Air       ####......   22%         5    ######.


Dungeon Overview and Level Annotations

Branches:
Dungeon (11/15)
 Temple: D:4-7         Lair: D:8-11         Orc: D:9-12

Altars:
Dithmenos
Elyvilon
Fedhas
Gozag
Nemelex Xobeh
Ru
Trog
Xom
Zin
The Shining One

Shops:
D:5 [   D:6 ![

Annotations:
D:7 2 transporters, frenix's ghost, novice DsBe


Innate Abilities, Weirdness & Mutations

You have a beak for a mouth.
You have claws for feet.
You can fly continuously.


Message History

The orc shouts!
You hear a shout!
The orc completely misses you.
The orc moves out of view.
An orc comes into view.
It is wielding a +0 whip. 2 orcs come into view.
The orc shouts! x2
The orc moves out of view.
There is a stone staircase leading up here.
The cyan ugly thing barely misses you. The orc completely misses you.
You fly upwards.
There is a stone staircase leading down here.
You hit the orc. Your kick misses the orc. Your peck misses the orc.
The orc is almost dead.
The cyan ugly thing kicks you. The cyan ugly thing shocks you!
You block the orc's attack.
You completely miss the orc. You claw the orc.
You kill the orc!
The cyan ugly thing kicks you! The cyan ugly thing shocks you!
* * * LOW HITPOINT WARNING * * *
The cyan ugly thing kicks you!
You die...

##########
.......@>#
#.######u#
..# ####


You could see a cyan ugly thing.

Vanquished Creatures
  Harold (D:7)
  A two-headed ogre (D:6)
  The ghost of theanonym the Insei, a novice OpTm of Cheibriados (D:6)
  Edmund (D:6)
  2 orc warriors (D:8)
  An ice beast (D:7)
  A hornet zombie (D:7)
  2 ogres (D:5)
  2 phantoms (D:5)
  A centaur (D:6)
  2 bullfrogs
  2 gnoll sergeants (D:6)
  A scorpion (D:7)
  6 killer bees
  A howler monkey (D:5)
  A centaur zombie (D:6)
  A quasit (D:7)
  A bullfrog skeleton (D:5)
  2 jellies (D:8)
  7 orc priests
  A gnoll shaman (D:6)
  A hound (D:5)
  8 orc wizards
  Jessica (D:2)
  An iguana (D:5)
  A hell rat (D:6)
  7 worker ants
  A killer bee zombie (D:8)
  A worker ant zombie (D:7)
  14 gnolls
  A howler monkey skeleton (D:6)
  6 river rats (D:6)
  11 adders
  2 shadow imps
  2 oozes (D:1)
  An adder skeleton (D:2)
  An adder zombie (D:8)
  A worm (D:3)
  3 dart slugs
  5 leopard geckos
  32 orcs
  4 ball pythons
  7 giant cockroaches
  7 goblins
  14 hobgoblins
  9 jackals
  5 kobolds
  2 quokkas
  8 bats
  4 frilled lizards
  A jackal zombie (D:7)
  A leopard gecko skeleton (D:5)
  25 rats
225 creatures vanquished.

Vanquished Creatures (others)
  A bat (D:2)
  5 plants (D:6)
6 creatures vanquished.

Grand Total: 231 creatures vanquished

Notes
Turn   | Place    | Note
-------+----------+-------------------------------------------
     0 | D:1      | TheOvate the Tengu Air Elementalist began the quest for the
                  | Orb.
     0 | D:1      | Reached XP level 1. HP: 10/10 MP: 4/4
   305 | D:1      | Reached XP level 2. HP: 15/15 MP: 3/6
   310 | D:1      | Learned a level 2 spell: Swiftness
   692 | D:1      | Reached XP level 3. HP: 19/19 MP: 4/7
  1486 | D:1      | Reached skill level 5 in Air Magic
  2012 | D:2      | Reached XP level 4. HP: 11/24 MP: 4/9
  2494 | D:2      | Found a sacrificial altar of Ru.
  2686 | D:2      | Noticed Jessica
  2690 | D:2      | Killed Jessica
  2693 | D:2      | Found a blossoming altar of Fedhas.
  2735 | D:2      | Gained mutation: You can fly continuously. [Tengu growth]
  2735 | D:2      | Reached XP level 5. HP: 28/28 MP: 5/10
  2926 | D:2      | Learned a level 3 spell: Static Discharge
  2963 | D:2      | Found a shimmering altar of Xom.
  2963 | D:2      | Found a glowing silver altar of Zin.
  2963 | D:2      | Noticed an angel
  2989 | D:2      | Found a glowing golden altar of the Shining One.
  2989 | D:2      | Found a white marble altar of Elyvilon.
  2989 | D:2      | Found a bloodstained altar of Trog.
  2989 | D:2      | Found a sparkling altar of Nemelex Xobeh.
  3478 | D:3      | Found an opulent altar of Gozag.
  3722 | D:3      | Reached XP level 6. HP: 32/32 MP: 6/12
  3916 | D:3      | You are sucked into a shaft and drop 2 floors!
  3916 | D:5      | Entered Level 5 of the Dungeon
  4304 | D:5      | Reached XP level 7. HP: 36/36 MP: 10/14
  4494 | D:5      | Reached skill level 5 in Conjurations
  5002 | D:5      | Reached skill level 1 in Polearms
  5032 | D:5      | Reached skill level 5 in Spellcasting
  5133 | D:5      | Reached XP level 8. HP: 35/41 MP: 1/16
  5258 | D:5      | Found Daxzil's Antique Armour Emporium.
  5313 | D:5      | Found a shadowy altar of Dithmenos.
  6033 | D:6      | Reached skill level 5 in Polearms
  6196 | D:6      | Noticed Edmund
  6213 | D:6      | Killed Edmund
  6213 | D:6      | Reached skill level 1 in Slings
  6213 | D:6      | Reached skill level 1 in Throwing
  6213 | D:6      | Reached skill level 1 in Armour
  6360 | D:6      | Found a transporter.
  6365 | D:6      | Noticed theanonym's ghost (novice OpTm)
  6391 | D:6      | Found Atupe's Distillery.
  6392 | D:6      | Found Xiom's Armour Shoppe.
  6521 | D:6      | Found the +2 ratskin cloak {+Rats rPois rN+ Str-1 Int-1
                  | Dex+1}
  6528 | D:6      | Reached skill level 1 in Shields
  6731 | D:6      | Identified the +5 falchion of Youthful Indiscretion {drain,
                  | rF- rN+ Dex+5}
  7171 | D:6      | Found a transporter.
  7313 | D:6      | Killed theanonym's ghost
  7313 | D:6      | Reached skill level 3 in Dodging
  7313 | D:6      | Reached skill level 5 in Shields
  7313 | D:6      | Reached XP level 9. HP: 18/45 MP: 2/17
  7883 | D:6      | Reached skill level 4 in Dodging
  8119 | D:6      | Got a coiled bone ring
  8178 | D:7      | Noticed a two-headed ogre
  8318 | D:7      | Found a transporter.
  8322 | D:7      | Noticed frenix's ghost (novice DsBe)
  8324 | D:7      | Found the +1 cloak of Starlight {rElec rC+ EV+4 Stlth--}
  8336 | D:7      | Noticed a moth of wrath
  8343 | D:7      | Found a transporter.
  8355 | D:7      | Reached skill level 5 in Dodging
  8634 | D:7      | Reached skill level 6 in Dodging
  8847 | D:7      | Noticed Harold
  8882 | D:7      | Killed Harold
  8882 | D:7      | Reached skill level 8 in Dodging
  9181 | D:6      | Killed a two-headed ogre
  9181 | D:6      | Reached XP level 10. HP: 46/50 MP: 9/18
  9295 | D:7      | Identified the ring "Qebokhlit" {rPois MR+ Str+3 Stlth-}
                  | (You found it on level 6 of the Dungeon)
  9439 | D:7      | Learned a level 4 spell: Airstrike
  9523 | D:7      | Found a shadowy altar of Dithmenos.
 10444 | D:8      | You are sucked into a shaft and drop 3 floors!
 10484 | D:11     | Noticed a cyan ugly thing
 10555 | D:10     | Entered Level 10 of the Dungeon
 10558 | D:10     | Mangled by a cyan ugly thing

Levels and vault maps discovered:
D:1:      nagdon_arrival_zigzag_paths, layout_basic
D:2:      layout_loops_corners, grunt_temple_overflow_order_and_chaos_1,
          chequers_temple_overflow_statue_of_worship, overflow_temple_1_default,
          old_standard_altar, lemuel_old_faithful, uniq_jessica
D:3:      layout_basic, marbit_many_paths, nemelex_dance_club_becter
D:5:      minmay_evil_eye, layout_basic, first_ration, serial_shops, shop,
          grunt_dithmenos_smoke
D:6:      wander_guarded_unrand_ratskin, layout_loops_ring,
          minmay_temple_entry_statues_pillars, serial_shops, shop_coins, shop,
          gammafunk_ghost_gnarly_gnolls, portal_sewer_entry_e, uniq_edmund
D:7:      layout_rooms, lemuel_crystal_altar, gammafunk_ghost_berserking_beasts,
          uniq_harold
D:8:      layout_cave_pools, old_standard_altar, makhleb_grotto_becter,
          uniq_erica
D:10:     layout_basic, lair_entry_dummy, hangedman_stone_soup, uniq_urug,
          uniq_erolcha
D:11:     layout_loops_corners

Skill      XL: |  1  2  3  4  5  6  7  8  9 10 |
---------------+-------------------------------+-----
Air Magic      | 5 6 7 |  7.7
Conjurations   | 2 3 4 5 6 |  6.0
Spellcasting   | 3 4 5 |  5.7
Polearms       | 3 5 |  5.3
Slings         | 1 |  1.2
Throwing       | 1 3 |  3.4
Armour         | 1 |  1.3
Shields        | 5 |  5.2
Dodging        | 3 8 |  8.3
Evocations     | 3 |  3.0
Fighting       | |  0.2
Stealth        | |  2.0
Charms         | |  0.9

Action                   |  1- 3 |  4- 6 |  7- 9 | 10-12 || total
-------------------------+-------+-------+-------+-------++-------
Melee: Unarmed           |    19 |       |       |       ||    19
       Peck              |     3 |     1 |     8 |     5 ||    17
       Kick              |     2 |     1 |    13 |    11 ||    27
       Spear             |       |    11 |    60 |       ||    71
       Trident           |       |       |     1 |    61 ||    62
 Fire: Hunting sling     |       |     2 |       |       ||     2
 Cast: Shock             |    66 |   130 |   207 |    50 ||   453
       Static Discharge  |       |       |    37 |    12 ||    49
 Abil: Fly               |       |     1 |       |       ||     1
  Use: Scroll            |       |     5 |     3 |     1 ||     9
       Potion            |       |       |     2 |       ||     2
 Stab: Sleeping          |     3 |     1 |     7 |       ||    11
  Eat: Chunk             |     4 |     7 |    11 |     4 ||    26
       Ration            |       |       |     2 |       ||     2
Armor: Robe              |    10 |     4 |    25 |    18 ||    57
Dodge: Dodged            |    43 |    23 |    89 |   112 ||   267
Block: Buckler           |       |       |    23 |    28 ||    51

Table legend:
 A = Non-vault XP
 B = Vault XP
 C = Vault XP percentage of total XP
 D = Non-vault monster count
 E = Vault monster count
 F = Vault count percentage of total count
                 A         B        C        D         E       F
            +---------+---------+-------+---------+---------+-------
      Total |    4414 |    2074 |  32.0 |     181 |      44 |  19.6
            +---------+---------+-------+---------+---------+-------
        D:1 |      58 |       0 |   0.0 |      24 |       0 |   0.0
        D:2 |     133 |      37 |  21.8 |      29 |       1 |   3.3
        D:3 |     145 |       1 |   0.7 |      19 |       1 |   5.0
        D:5 |    1041 |       2 |   0.2 |      35 |       1 |   2.8
        D:6 |    1318 |    1069 |  44.8 |      25 |      40 |  61.5
        D:7 |     710 |     965 |  57.6 |      24 |       1 |   4.0
        D:8 |    1006 |       0 |   0.0 |      24 |       0 |   0.0
       D:10 |       3 |       0 |   0.0 |       1 |       0 |   0.0
            +---------+---------+-------+---------+---------+-------
